 Dungeon Crawl Stone Soup version 0.23.2-1-ga50397a (webtiles) character file.

Game seed: 114217482180061218

355 Elitist the Cutter (level 6, -2/41 HPs)
             Began as a Kobold Berserker on Apr 29, 2019.
             Was a Priest of Trog.
             Succumbed to an orc wizard's poison
             ... on level 4 of the Dungeon.
             The game lasted 00:07:16 (4135 turns).

Elitist the Cutter (Kobold Berserker)               Turns: 4135, Time: 00:07:17

Health: -2/41      AC:  6    Str: 14    XL:     6   Next: 95%
Magic:  6/6        EV: 18    Int:  9    God:    Trog [***...]
Gold:   117        SH:  0    Dex: 21    Spells: 5/5 levels left

rFire    . . .     SeeInvis .   a - +0 rapier
rCold    . . .     Gourm    .   (shield restricted)
rNeg     . . .     Faith    .   f - +0 scale mail
rPois    .         Spirit   .   (no helmet)
rElec    .         Reflect  .   (no cloak)
rCorr    .         Harm     .   (no gloves)
MR       ++...                  (no boots)
Stlth    +.........             b - amulet of rage
HPRegen  1.13/turn              (no ring)
MPRegen  0.10/turn              (no ring)

@: agile, lethally poisoned (-2 -> -24), regenerating, hasted, very quick
A: small, carnivore
a: Berserk, Trog's Hand, Renounce Religion, Evoke Berserk Rage


You were on level 4 of the Dungeon.
You worshipped Trog.
Trog was most pleased with you.
You were completely stuffed.

You visited 1 branch of the dungeon, and saw 4 of its levels.

You collected 117 gold pieces.

Inventory:

Hand Weapons
 a - a +0 rapier (weapon)
Missiles
 n - a throwing net (quivered)
 r - 4 tomahawks of returning
Armour
 f - a +0 scale mail (worn)
Jewellery
 b - an amulet of rage (around neck)
Wands
 k - a wand of polymorph (6)
Scrolls
 d - 6 scrolls of teleportation {unknown}
 e - 2 scrolls of random uselessness {unknown}
 l - a scroll of fog {unknown}
 m - 2 scrolls of blinking {unknown}
 o - a scroll of identify {unknown}
 q - a scroll of noise {unknown}
Potions
 g - a potion of agility
 h - a potion of might {unknown}
 i - a potion of flight {unknown}
 j - a potion of haste
 p - a potion of heal wounds {unknown}
Comestibles
 c - 6 rations
 s - 8 chunks of flesh


   Skills:
 + Level 6.0 Fighting
 + Level 7.3 Short Blades
 - Level 1.5 Armour
 - Level 2.4 Dodging


You had 5 spell levels left.
You didn't know any spells.
Your spell library was empty.

Dungeon Overview and Level Annotations

Branches:
Dungeon (4/15)
 Temple: D:4-7

Altars:
The Shining One


Innate Abilities, Weirdness & Mutations

You are small and have problems with some larger weapons.
You are carnivorous and can eat meat at any time.


Message History

You are lethally poisoned!
You closely miss the orc.
* * * LOW HITPOINT WARNING * * *
You feel very sick. The orc hits you with a +0 dagger.
* * * LOW HITPOINT WARNING * * *
Something hits you but does no damage.
You are more poisoned.
Okay, then.
It was a potion of agility.
You feel agile all of a sudden.
* * * LOW HITPOINT WARNING * * *
You feel very sick. The orc hits you with a +0 dagger.
* * * LOW HITPOINT WARNING * * *
Something hits you.
* * * LOW HITPOINT WARNING * * *
You are more poisoned.
It was a potion of haste.
You feel yourself speed up.
You die...

#. #. # #. .#
#####.###.#
........#.# ##
........##...
#..o.......
#@#.##
#######.{..####
#.............#
#.#####....##.#
#)#.###.# .#
#$#.# #.# #.#
#.#.# #.# #.#
#...# #.# #.#
##..# #.#


You could see an orc.

Vanquished Creatures
  A hound (D:4)
  A centaur skeleton (D:4)
  Ijyb (D:3)
  3 orc wizards
  3 gnolls
  4 adders
  3 worms
  4 dart slugs
  6 leopard geckos
  13 orcs
  8 bats
  5 giant cockroaches
  12 goblins
  8 hobgoblins
  5 jackals
  2 quokkas
  A ball python (D:3)
  7 frilled lizards
  8 kobolds
  6 rats
101 creatures vanquished.

Notes
Turn   | Place    | Note
-------+----------+-------------------------------------------
     0 | D:1      | Elitist the Kobold Berserker began the quest for the Orb.
     0 | D:1      | Reached XP level 1. HP: 14/14 MP: 1/1
    62 | D:1      | Reached XP level 2. HP: 4/19 MP: 2/2
   616 | D:1      | Found a glowing golden altar of the Shining One.
   660 | D:1      | Reached XP level 3. HP: 24/24 MP: 3/3
  1148 | D:1      | Reached skill level 5 in Short Blades
  1348 | D:2      | Reached XP level 4. HP: 30/30 MP: 4/4
  1384 | D:2      | Reached ** piety under Trog
  1967 | D:2      | Reached XP level 5. HP: 33/34 MP: 5/5
  2528 | D:3      | Reached skill level 6 in Short Blades
  2662 | D:3      | Reached skill level 5 in Fighting
  2703 | D:3      | Reached *** piety under Trog
  2876 | D:3      | Reached XP level 6. HP: 24/40 MP: 6/6
  3344 | D:3      | Noticed Ijyb
  3352 | D:3      | Killed Ijyb
  3959 | D:4      | Reached skill level 7 in Short Blades
  4134 | D:4      | HP: 1/41 [something (2)]
  4135 | D:4      | Succumbed to an orc wizard's poison

Skill      XL: |  1  2  3  4  5  6 |
---------------+-------------------+-----
Fighting       | 4 5 6 |  6.0
Short Blades   | 5 6 7 |  7.3
Armour         | |  1.5
Dodging        | |  2.4

Action                   |  1- 3 |  4- 6 || total
-------------------------+-------+-------++-------
Melee: Short sword       |   117 |   138 ||   255
       Rapier            |       |   152 ||   152
Invok: Berserk           |     1 |     5 ||     6
       Trog's Hand       |       |     2 ||     2
  Use: Potion            |       |     2 ||     2
 Stab: Sleeping          |       |     3 ||     3
  Eat: Chunk             |    11 |    14 ||    25
Armor: Animal skin       |     2 |       ||     2
       Leather armour    |    15 |    32 ||    47
       Scale mail        |       |    29 ||    29
Dodge: Dodged            |   105 |   157 ||   262
